PAAA
SALT LAKE CITY BUZZ @ BAKERSFIELD NOBLES
08/08/2020
 
TOP OF THE 1ST
Salt Lake City Buzz batting - Pitching for Bakersfield Nobles : RHP Jason McKinney
Pitching: RHP Jason McKinney
Batting: RHB Roberto Ríos 0-0: Ball
1-0: Ball
2-0: Fly out, F4 (Popup, 4D)
Batting: RHB Clint Anthony 0-0: Called Strike
0-1: Ball
1-1: DOUBLE (Line Drive, 9LD) - OUT at third base trying to stretch hit.
Batting: SHB Raymond Bright 0-0: Ball
1-0: SINGLE (Line Drive, 89S)
Batting: LHB Martín Núñes 0-0: Foul Ball, location: 2F
0-1: Ball
1-1: 2-RUN HOME RUN (Line Drive, 9D), Distance : 380 ft
Batting: LHB Frank Bass 0-0: Ball
1-0: Swinging Strike
1-1: Called Strike
1-2: Ball
2-2: Strikes out swinging
Top of the 1st over - 2 run(s), 3 hit(s), 0 error(s), 0 left on base; Salt Lake City 2 - Bakersfield 0
BOTTOM OF THE 1ST
Bakersfield Nobles batting - Pitching for Salt Lake City Buzz : LHP Jim Unknown
Pitching: LHP Jim Unknown
Batting: RHB Miguel Márquez 0-0: Ball
1-0: Ball
2-0: Ball
3-0: Called Strike
3-1: Called Strike
3-2: Foul Ball, location: 2F
3-2: Strikes out swinging, 2-3 out at first.
Batting: SHB Jon Jenkins 0-0: Ball
1-0: Fly out, F3 (Line Drive, 34)
Batting: RHB Jorge Gonzáles 0-0: Foul Ball, location: 2F
0-1: Called Strike
0-2: Ball
1-2: Fly out, F7 (Flyball, 7LS)
Bottom of the 1st over - 0 run(s), 0 hit(s), 0 error(s), 0 left on base; Salt Lake City 2 - Bakersfield 0
TOP OF THE 2ND
Salt Lake City Buzz batting - Pitching for Bakersfield Nobles : RHP Jason McKinney
Batting: RHB Don MacNeilage 0-0: Ball
1-0: Called Strike
1-1: Fly out, F4 (Popup, 3)
Batting: RHB Jim Coffey 0-0: Called Strike
0-1: Ground out 5-3 (Groundball, 5)
Batting: RHB Patrick Clark 0-0: Ball
1-0: Ball
2-0: Ball
3-0: Called Strike
3-1: SINGLE (Line Drive, 6D)
Batting: SHB Shelby Reusch 0-0: Called Strike
0-1: Ball
1-1: Called Strike
1-2: Ball
2-2: Foul Ball, location: 2F
2-2: Foul Ball, location: 2F
2-2: Ball
3-2: Base on Balls
Patrick Clark to second
Batting: RHB Roberto Ríos 0-0: Called Strike
0-1: Called Strike
0-2: Ball
1-2: Strikes out looking
Top of the 2nd over - 0 run(s), 1 hit(s), 0 error(s), 2 left on base; Salt Lake City 2 - Bakersfield 0
BOTTOM OF THE 2ND
Bakersfield Nobles batting - Pitching for Salt Lake City Buzz : LHP Jim Unknown
Batting: RHB Bob Heller 0-0: Swinging Strike
0-1: Foul Ball, location: 2F
0-2: Ball
1-2: Strikes out looking
Batting: RHB Tamasaburo Kato 0-0: Foul Ball, location: 2F
0-1: Ground out 1-3 (Groundball, 13S)
Batting: LHB Emery Miller 0-0: Called Strike
0-1: Fly out, F7 (Flyball, 7M)
Bottom of the 2nd over - 0 run(s), 0 hit(s), 0 error(s), 0 left on base; Salt Lake City 2 - Bakersfield 0
TOP OF THE 3RD
Salt Lake City Buzz batting - Pitching for Bakersfield Nobles : RHP Jason McKinney
Batting: RHB Clint Anthony 0-0: Called Strike
0-1: Ball
1-1: Called Strike
1-2: Strikes out swinging
Batting: SHB Raymond Bright 0-0: Called Strike
0-1: Foul Ball, location: 2F
0-2: Fly out, F8 (Flyball, 8LXD)
Batting: LHB Martín Núñes 0-0: Ball
1-0: Ball
2-0: Foul Ball, location: 2F
2-1: Fly out, F7 (Flyball, 7LM)
Top of the 3rd over - 0 run(s), 0 hit(s), 0 error(s), 0 left on base; Salt Lake City 2 - Bakersfield 0
BOTTOM OF THE 3RD
Bakersfield Nobles batting - Pitching for Salt Lake City Buzz : LHP Jim Unknown
Batting: LHB Bartolo Benítez 0-0: Called Strike
0-1: SINGLE (Groundball, 25) (infield hit)
Batting: RHB Ron Gérard 0-0: Foul Ball, location: 2F
0-1: Foul Ball, location: 2F
0-2: Fly out, F8 (Flyball, 8RM)
Batting: LHB Gustavo Cortéz 0-0: Ball
1-0: Called Strike
1-1: Called Strike
1-2: Hit by Pitch
Bartolo Benítez to second
Batting: RHB Miguel Márquez 0-0: SINGLE (Groundball, 56D)
Bartolo Benítez to third
Gustavo Cortéz to second
Runner from 3rd tries for Home, SAFE, throw made home
Gustavo Cortéz to third
Miguel Márquez to second
Batting: SHB Jon Jenkins 0-0: Ball
1-0: Ball
2-0: Ball
3-0: Base on Balls
Batting: RHB Jorge Gonzáles 0-0: Called Strike
0-1: SINGLE (Groundball, 56D)
Gustavo Cortéz scores
Miguel Márquez to third
Jon Jenkins to second
Runner from 3rd tries for Home, SAFE, no throw or cutoff
Batting: RHB Bob Heller 0-0: Ball
1-0: Called Strike
1-1: Ball
2-1: Foul Ball, location: 2F
2-2: Foul Ball, location: 2F
2-2: Ball
3-2: Grounds into double play, 1-4-3 (Groundball, 13)
Bottom of the 3rd over - 3 run(s), 3 hit(s), 0 error(s), 1 left on base; Salt Lake City 2 - Bakersfield 3
TOP OF THE 4TH
Salt Lake City Buzz batting - Pitching for Bakersfield Nobles : RHP Jason McKinney
Batting: LHB Frank Bass 0-0: Fly out, F8 (Flyball, 8LS)
Batting: RHB Don MacNeilage 0-0: Swinging Strike
0-1: Fly out, F7 (Flyball, 78M)
Batting: RHB Jim Coffey 0-0: Called Strike
0-1: Ball
1-1: Foul Ball, location: 2F
1-2: Strikes out swinging
Top of the 4th over - 0 run(s), 0 hit(s), 0 error(s), 0 left on base; Salt Lake City 2 - Bakersfield 3
BOTTOM OF THE 4TH
Bakersfield Nobles batting - Pitching for Salt Lake City Buzz : LHP Jim Unknown
Batting: RHB Tamasaburo Kato 0-0: Called Strike
0-1: Ball
1-1: Ball
2-1: Foul Ball, location: 2F
2-2: Foul Ball, location: 2F
2-2: Strikes out swinging
Batting: LHB Emery Miller 0-0: Ball
1-0: Called Strike
1-1: Called Strike
1-2: Strikes out swinging
Batting: LHB Bartolo Benítez 0-0: Ground out 4-3 (Groundball, 4)
Bottom of the 4th over - 0 run(s), 0 hit(s), 0 error(s), 0 left on base; Salt Lake City 2 - Bakersfield 3
TOP OF THE 5TH
Salt Lake City Buzz batting - Pitching for Bakersfield Nobles : RHP Jason McKinney
Batting: RHB Patrick Clark 0-0: Ground out 3-1 (Groundball, 3L)
Batting: SHB Shelby Reusch 0-0: Ball
1-0: Foul Ball, location: 2F
1-1: Foul Ball, location: 2F
1-2: Fly out, F8 (Line Drive, 8LM)
Batting: RHB Roberto Ríos 0-0: Ball
1-0: Fly out, F9 (Flyball, 89M)
Top of the 5th over - 0 run(s), 0 hit(s), 0 error(s), 0 left on base; Salt Lake City 2 - Bakersfield 3
BOTTOM OF THE 5TH
Bakersfield Nobles batting - Pitching for Salt Lake City Buzz : LHP Jim Unknown
Batting: RHB Ron Gérard 0-0: Ball
1-0: Ground out 1-3 (Groundball, 13S)
Batting: LHB Gustavo Cortéz 0-0: DOUBLE (Flyball, 78D)
Batting: RHB Miguel Márquez 0-0: Ball
1-0: Called Strike
1-1: Swinging Strike
1-2: Fly out, F7 (Line Drive, 7M)
Batting: SHB Jon Jenkins 0-0: Ball
1-0: Ball
2-0: Called Strike
2-1: Ball
3-1: Called Strike
3-2: Fly out, F6 (Popup, 6MS)
Bottom of the 5th over - 0 run(s), 1 hit(s), 0 error(s), 1 left on base; Salt Lake City 2 - Bakersfield 3
TOP OF THE 6TH
Salt Lake City Buzz batting - Pitching for Bakersfield Nobles : RHP Jason McKinney
Batting: RHB Clint Anthony 0-0: Ball
1-0: Foul Ball, location: 2F
1-1: Foul Ball, location: 2F
1-2: Ball
2-2: Strikes out swinging
Batting: SHB Raymond Bright 0-0: Ball
1-0: Ball
2-0: Ball
3-0: Base on Balls
Batting: LHB Martín Núñes 0-0: Ball
1-0: Swinging Strike
1-1: SINGLE (Groundball, 4MD)
Raymond Bright to second
Runner from 2nd tries for 3rd, SAFE, no throw or cutoff
Batting: LHB Frank Bass 0-0: Ball
1-0: Called Strike
1-1: Ball
2-1: Foul Ball, location: 2F
2-2: Foul Ball, location: 2F
2-2: Fly out, F7 (Flyball, 78M)
2-2: Fly out, F7 (Flyball, 78M)
Batting: RHB Don MacNeilage 0-0: Called Strike
0-1: Swinging Strike
0-2: Foul Ball, location: 2F
0-2: Strikes out swinging
Top of the 6th over - 0 run(s), 1 hit(s), 0 error(s), 2 left on base; Salt Lake City 2 - Bakersfield 3
BOTTOM OF THE 6TH
Bakersfield Nobles batting - Pitching for Salt Lake City Buzz : LHP Jim Unknown
Batting: RHB Jorge Gonzáles 0-0: Swinging Strike
0-1: Foul Ball, location: 2F
0-2: Strikes out swinging
Batting: RHB Bob Heller 0-0: Ball
1-0: Fly out, F3 (Popup, 23)
Batting: RHB Tamasaburo Kato 0-0: Ball
1-0: Foul Ball, location: 2F
1-1: Ball
2-1: Ball
3-1: Base on Balls
Batting: LHB Emery Miller 0-0: Ball
1-0: Ground out 4-3 (Groundball, 4)
Bottom of the 6th over - 0 run(s), 0 hit(s), 0 error(s), 1 left on base; Salt Lake City 2 - Bakersfield 3
TOP OF THE 7TH
Salt Lake City Buzz batting - Pitching for Bakersfield Nobles : RHP Jason McKinney
Batting: RHB Jim Coffey 0-0: Fly out, F9 (Flyball, 9LM)
Batting: RHB Patrick Clark 0-0: Foul Ball, location: 2F
0-1: Swinging Strike
0-2: Foul Ball, location: 2F
0-2: Strikes out swinging
Batting: SHB Shelby Reusch 0-0: Ball
1-0: Ball
2-0: Fly out, F8 (Flyball, 8LM)
Top of the 7th over - 0 run(s), 0 hit(s), 0 error(s), 0 left on base; Salt Lake City 2 - Bakersfield 3
BOTTOM OF THE 7TH
Bakersfield Nobles batting - Pitching for Salt Lake City Buzz : LHP Jim Unknown
Batting: LHB Bartolo Benítez 0-0: Ball
1-0: Called Strike
1-1: Ground out 4-3 (Groundball, 4)
Batting: RHB Ron Gérard 0-0: Ball
1-0: Called Strike
1-1: Swinging Strike
1-2: Ball
2-2: Ball
3-2: Foul Ball, location: 2F
3-2: Strikes out swinging
Batting: LHB Gustavo Cortéz 0-0: Foul Ball, location: 2F
0-1: Ball
1-1: Ground out 6-3 (Groundball, 6)
Bottom of the 7th over - 0 run(s), 0 hit(s), 0 error(s), 0 left on base; Salt Lake City 2 - Bakersfield 3
TOP OF THE 8TH
Salt Lake City Buzz batting - Pitching for Bakersfield Nobles : RHP Jason McKinney
Batting: RHB Roberto Ríos 0-0: Ball
1-0: Ball
2-0: Fly out, F8 (Flyball, 8LM)
Pitching: LHP Jim Unknown
Batting: RHB Clint Anthony 0-0: Called Strike
0-1: Swinging Strike
0-2: Ball
1-2: Foul Ball, location: 2F
1-2: Ball
2-2: Ball
3-2: SINGLE (Groundball, 5L)
Batting: SHB Raymond Bright 0-0: Ball
1-0: Ball
2-0: Called Strike
2-1: Ball
3-1: Base on Balls
Clint Anthony to second
Pinch Hitting: RHB Ichiyo Fujii 0-0: Called Strike
0-1: Fielders Choice at 2nd, 6-4 (Groundball, 6M)
Clint Anthony to third
Pinch Hitting: RHB Larry Brown 0-0: Called Strike
0-1: Foul Ball, location: 2F
Balk!
Clint Anthony scores
Ichiyo Fujii to second
0-2: Ball
1-2: Strikes out swinging
Top of the 8th over - 1 run(s), 1 hit(s), 0 error(s), 1 left on base; Salt Lake City 3 - Bakersfield 3
BOTTOM OF THE 8TH
Bakersfield Nobles batting - Pitching for Salt Lake City Buzz : LHP Jim Unknown
Now at 3B: Larry Brown
Now in LF: Ichiyo Fujii
Pinch Hitting: RHB Ken Fulton 0-0: Ball
1-0: Ball
2-0: Ground out 6-3 (Groundball, 6)
Pinch Hitting: RHB Gil Jenkins 0-0: Ball
1-0: Ball
2-0: Called Strike
2-1: Ground out 5-3 (Groundball, 5)
Batting: RHB Jorge Gonzáles 0-0: Ball
1-0: Called Strike
1-1: Ground out 4-3 (Groundball, 4)
Bottom of the 8th over - 0 run(s), 0 hit(s), 0 error(s), 0 left on base; Salt Lake City 3 - Bakersfield 3
TOP OF THE 9TH
Salt Lake City Buzz batting - Pitching for Bakersfield Nobles : LHP Jim Unknown
Now at SS: Takaaki Kobayashi
Now in LF: Lawrence Olsen
Batting: RHB Don MacNeilage 0-0: Ball
1-0: Foul Ball, location: 2F
1-1: Swinging Strike
1-2: Fly out, F9 (Flyball, 9S)
Batting: RHB Jim Coffey 0-0: Ball
1-0: Foul Ball, location: 2F
1-1: Ball
2-1: Called Strike
2-2: Ball
3-2: Ground out 5-3 (Groundball, 5)
Batting: RHB Patrick Clark 0-0: Ground out 6-3 (Groundball, 6)
Top of the 9th over - 0 run(s), 0 hit(s), 0 error(s), 0 left on base; Salt Lake City 3 - Bakersfield 3
BOTTOM OF THE 9TH
Bakersfield Nobles batting - Pitching for Salt Lake City Buzz : LHP Jim Unknown
Pitching: RHP Jim Unknown
Batting: RHB Bob Heller 0-0: Foul Ball, location: 2F
0-1: Ball
1-1: Ball
2-1: Fly out, F8 (Flyball, 78S)
Batting: RHB Tamasaburo Kato 0-0: Ball
1-0: Ground out 6-3 (Groundball, 6M)
Batting: LHB Emery Miller 0-0: Ball
1-0: Fly out, F8 (Flyball, 8RM)
Bottom of the 9th over - 0 run(s), 0 hit(s), 0 error(s), 0 left on base; Salt Lake City 3 - Bakersfield 3
TOP OF THE 10TH
Salt Lake City Buzz batting - Pitching for Bakersfield Nobles : LHP Jim Unknown
Batting: SHB Shelby Reusch 0-0: Called Strike
0-1: SINGLE (Groundball, 56S)
Batting: RHB Roberto Ríos 0-0: Called Strike
0-1: Bunted foul
0-2: Ball
1-2: Ball
2-2: Grounds into double play, U6-3 (Groundball, 6M)
Batting: RHB Clint Anthony 0-0: Swinging Strike
0-1: Foul Ball, location: 2F
0-2: Foul Ball, location: 2F
0-2: Ball
1-2: Ball
2-2: Foul Ball, location: 2F
2-2: Fly out, F9 (Flyball, 8RS)
Top of the 10th over - 0 run(s), 1 hit(s), 0 error(s), 0 left on base; Salt Lake City 3 - Bakersfield 3
BOTTOM OF THE 10TH
Bakersfield Nobles batting - Pitching for Salt Lake City Buzz : RHP Jim Unknown
Batting: LHB Bartolo Benítez 0-0: Called Strike
0-1: Ball
1-1: Ball
2-1: SINGLE (Groundball, 34D)
Batting: RHB Ron Gérard 0-0: Sac Bunt - play at first, batter OUT! 2-4
Bartolo Benítez to second
Batting: LHB Gustavo Cortéz 0-0: Swinging Strike
0-1: Ball
1-1: Foul Ball, location: 2F
1-2: Fly out, F8 (Flyball, 78M)
Pinch Hitting: LHB Jeff Lee 0-0: Ball
1-0: Foul Ball, location: 2F
1-1: Ball
2-1: Foul Ball, location: 2F
2-2: Ground out 6-3 (Groundball, 6M)
Bottom of the 10th over - 0 run(s), 1 hit(s), 0 error(s), 1 left on base; Salt Lake City 3 - Bakersfield 3
TOP OF THE 11TH
Salt Lake City Buzz batting - Pitching for Bakersfield Nobles : LHP Jim Unknown
Pitching: RHP Jim Unknown
Now at SS: Juan Alba
Batting: SHB Raymond Bright 0-0: Foul Ball, location: 2F
0-1: Foul Ball, location: 2F
0-2: Foul Ball, location: 2F
0-2: Ball
1-2: Ball
2-2: Foul Ball, location: 2F
2-2: Strikes out swinging
Pinch Hitting: LHB Fernando González 0-0: Ball
1-0: Ball
2-0: Swinging Strike
2-1: Swinging Strike
2-2: Foul Ball, location: 2F
2-2: Ground out U3 (Groundball, 3L)
Batting: RHB Larry Brown 0-0: Ball
1-0: Fly out, F9 (Flyball, 9LS)
Top of the 11th over - 0 run(s), 0 hit(s), 0 error(s), 0 left on base; Salt Lake City 3 - Bakersfield 3
BOTTOM OF THE 11TH
Bakersfield Nobles batting - Pitching for Salt Lake City Buzz : RHP Jim Unknown
Pitching: RHP Barry Jones
Now in LF: Roger Osborne
Batting: RHB Lawrence Olsen 0-0: SINGLE (Line Drive, 4D)
Batting: RHB Jorge Gonzáles 0-0: Fly out, F4 (Popup, 34)
Batting: RHB Bob Heller 0-0: Called Strike
0-1: Foul Ball, location: 2F
0-2: Ball
1-2: Strikes out swinging
Batting: RHB Tamasaburo Kato 0-0: Ball
1-0: Called Strike
1-1: Ground out 5-3 (Groundball, 5L)
Bottom of the 11th over - 0 run(s), 1 hit(s), 0 error(s), 1 left on base; Salt Lake City 3 - Bakersfield 3
TOP OF THE 12TH
Salt Lake City Buzz batting - Pitching for Bakersfield Nobles : RHP Jim Unknown
Batting: RHB Don MacNeilage 0-0: Ball
1-0: Swinging Strike
1-1: Swinging Strike
1-2: Ball
2-2: Strikes out swinging
Batting: RHB Jim Coffey 0-0: SINGLE (Groundball, 34D)
Pinch Runner at 1st Bernardo Cruz:
Batting: RHB Patrick Clark 0-0: Ball
1-0: Called Strike
Bernardo Cruz steals 2nd base
1-1: Ball
2-1: Ball
3-1: Called Strike
3-2: Foul Ball, location: 2F
3-2: Strikes out looking
Batting: SHB Shelby Reusch 0-0: Reached on error, E4 (Groundball, 4)
Bernardo Cruz scores
Batting: RHB Roberto Ríos 0-0: Called Strike
0-1: Swinging Strike
0-2: Foul Ball, location: 2F
0-2: Ground out 5-3 (Groundball, 56)
Top of the 12th over - 1 run(s), 1 hit(s), 1 error(s), 1 left on base; Salt Lake City 4 - Bakersfield 3
BOTTOM OF THE 12TH
Bakersfield Nobles batting - Pitching for Salt Lake City Buzz : RHP Barry Jones
Now in LF: Bernardo Cruz
Batting: LHB Emery Miller 0-0: Foul Ball, location: 2F
0-1: Called Strike
0-2: Ball
1-2: Strikes out swinging
Batting: LHB Bartolo Benítez 0-0: Foul Ball, location: 2F
0-1: Ball
1-1: Swinging Strike
1-2: Ball
2-2: Ball
3-2: Foul Ball, location: 2F
3-2: Base on Balls
Batting: RHB Ron Gérard 0-0: Fielders Choice at 2nd, 6-4 (Groundball, 6M)
Batting: LHB Gustavo Cortéz 0-0: Called Strike
0-1: Ground out 4-3 (Groundball, 4MS)
Bottom of the 12th over - 0 run(s), 0 hit(s), 0 error(s), 1 left on base; Salt Lake City 4 - Bakersfield 3
This league is powered by Out of the Park Baseball, the baseball management simulation game for PC, Mac and Linux
Friday, October 23rd, 2015 - OOTP Baseball 16.9 Build 39